[Event "December 19 Late 2023"]
[Site "https://www.chess.com"]
[Date "2023.12.19"]
[Round "8"]
[White "Rustemov, Alexander"]
[Black "Van Roon, Sjoerd"]
[Result "1-0"]
[Board "29"]
[TimeControl "180+1"]
[WhiteFideId "4119002"]
[BlackFideId "1051075"]
[WhiteElo "2796"]
[BlackElo "2180"]
[WhiteTeam "RUS"]
[BlackTeam "NED"]
[WhiteClock "0:01:00"]
[BlackClock "0:00:00"]

1. d4 d5 2. c4 c6 3. Nc3 Nf6 4. e3 e6 5. Nf3 Nbd7 6. Qc2 Bd6 7. Bd2 O-O 8. O-O-O a5 9. e4 dxe4 10. Nxe4 Nxe4 11. Qxe4 Nf6 12. Qh4 b5 13. c5 Be7 14. Bd3 b4 15. Bg5 g6 16. Ne5 Nd5 17. Bxe7 Qxe7 18. Qxe7 Nxe7 19. Be4 Bb7 20. Nc4 Ba6 21. Nd6 Ra7 22. Rhe1 Nc8 23. Nxc8 Rxc8 24. Kd2 Bc4 25. b3 Bd5 26. Bxd5 cxd5 27. a4 Kf8 28. f4 h5 29. g3 Rc6 30. h3 Rac7 31. g4 hxg4 32. hxg4 Ke7 33. Rh1 Rc8 34. Rh7 Rf8 35. Rdh1 Rcc8 36. Ke3 Kf6 37. R1h6 Rg8 38. Kf3 Rcd8 39. Rh1 Ke7 40. f5 gxf5 41. gxf5 Rgf8 42. Kf4 Ke8 43. fxe6 fxe6+ 44. Ke5 Rd7 45. Kxe6 Rxh7 46. Rxh7 Rg8 47. Kxd5 Rg3 48. Ra7 Rxb3 49. Rxa5 Ra3 50. Ke6 Kf8 51. c6 1-0

[Event "December 19 Late 2023"]
[Site "https://www.chess.com"]
[Date "2023.12.19"]
[Round "8"]
[White "Wieczorek, Oskar"]
[Black "Kazmaier, Daniel"]
[Result "1-0"]
[Board "30"]
[TimeControl "180+1"]
[WhiteFideId "1133950"]
[BlackFideId "2606089"]
[WhiteElo "2407"]
[BlackElo "2494"]
[WhiteTeam "POL"]
[BlackTeam "CAN"]
[WhiteClock "0:00:16"]
[BlackClock "0:00:15"]

1. e4 e6 2. d4 d5 3. Nd2 Nf6 4. e5 Nfd7 5. f4 c5 6. c3 Be7 7. Ndf3 b6 8. Bd3 Ba6 9. Ne2 Bxd3 10. Qxd3 Nc6 11. O-O g6 12. Kh1 h5 13. Be3 Qc7 14. c4 Nb4 15. Qd1 dxc4 16. Nc3 cxd4 17. Nxd4 a6 18. Qf3 Rc8 19. Rad1 Nc5 20. f5 gxf5 21. Nxf5 exf5 22. Qxf5 Rf8 23. Bh6 Ne6 24. Ne4 Nd3 25. Bxf8 Bxf8 26. Nf6+ Ke7 27. Nd5+ Ke8 28. Nxc7+ Rxc7 29. Rxd3 cxd3 30. Qxd3 b5 31. Qf3 b4 32. Qa8+ Ke7 33. Qxa6 Ke8 34. Qa8+ Ke7 35. Qf3 Ke8 36. Qxh5 Bg7 37. Qe2 Rc5 38. Rd1 Bxe5 39. Qd3 Nd4 40. a3 bxa3 41. bxa3 f6 42. Rb1 Rc2 43. Qg6+ Ke7 44. Rd1 Ke6 45. g3 Rf2 46. Qe8+ Kf5 47. Qd7+ Ke4 48. Qb7+ Ke3 49. Re1+ Ne2 50. Rxe2+ Kxe2 51. Qb5+ Ke1 52. Qb4+ Ke2 53. a4 Rf1+ 54. Kg2 Rf2+ 55. Kh3 f5 56. Qc4+ Ke3 57. a5 f4 58. Qc5+ Kf3 59. Qxe5 fxg3 60. Qxg3+ Ke2 61. Qxf2+ Kxf2 62. a6 Kf3 63. a7 Kf2 64. a8=Q Kg1 65. Qg8+ Kf1 66. Qh8 Ke1 67. Kg4 Kf1 68. h4 Kg1 69. h5 Kh1 70. Kg5 Kg2 71. h6 Kh3 72. Kg6 Kg3 73. Qf6 Kh3 74. h7 Kg2 75. h8=Q Kg3 76. Qh6 Kg4 77. Qhg5+ Kh3 78. Qh8# 1-0

[Event "December 19 Late 2023"]
[Site "https://www.chess.com"]
[Date "2023.12.19"]
[Round "8"]
[White "Poormosavi, Seyed Kian"]
[Black "petr577"]
[Result "1/2-1/2"]
[Board "31"]
[TimeControl "180+1"]
[WhiteFideId "12585807"]
[WhiteElo "2296"]
[BlackElo "2348"]
[WhiteTeam "IRI"]
[WhiteClock "0:01:10"]
[BlackClock "0:00:03"]

1. Nf3 Nf6 2. g3 g6 3. Bg2 Bg7 4. O-O O-O 5. d4 d6 6. b3 Nbd7 7. Bb2 Re8 8. c4 a6 9. Nc3 e5 10. dxe5 dxe5 11. Qc2 Qe7 12. e3 Nf8 13. Rad1 e4 14. Nd2 Bf5 15. Ne2 h5 16. h3 Rad8 17. Nd4 Bc8 18. c5 Ne6 19. c6 Nxd4 20. Bxd4 b6 21. Bxf6 Bxf6 22. Nxe4 Bg7 23. Qc4 Bf5 24. Nc3 b5 25. Nd5 Qe6 26. Qb4 Rc8 27. Qa5 Be5 28. Qxa6 Bxh3 29. Qxb5 h4 30. Nf4 Bxf4 31. exf4 hxg3 32. fxg3 Qg4 33. Qd3 Bxg2 34. Kxg2 Re2+ 35. Rf2 Rce8 36. Rf1 R2e3 37. Qd1 Qxg3+ 38. Kh1 Qh3+ 39. Rh2 Qg3 40. Rg1 Re1 41. Rg2 Rxg1+ 42. Qxg1 Qh3+ 43. Rh2 Qf3+ 44. Rg2 Qh3+ 45. Qh2 Re1+ 46. Rg1 Qf3+ 47. Qg2 Qh5+ 48. Qh2 Qf3+ 49. Qg2 Qh5+ 50. Qh2 Qf3+ 1/2-1/2

[Event "December 19 Late 2023"]
[Site "https://www.chess.com"]
[Date "2023.12.19"]
[Round "8"]
[White "FontVella8"]
[Black "Delorme, Axel"]
[Result "1-0"]
[Board "32"]
[TimeControl "180+1"]
[BlackFideId "632023"]
[WhiteElo "2809"]
[BlackElo "2478"]
[BlackTeam "FRA"]
[WhiteClock "0:01:14"]
[BlackClock "0:00:00"]

1. e4 c5 2. Nf3 d6 3. d4 cxd4 4. Nxd4 Nf6 5. f3 e5 6. Nb3 d5 7. Bg5 d4 8. c3 Nc6 9. cxd4 Bb4+ 10. Bd2 Nxe4 11. Bxb4 Qh4+ 12. g3 Nxg3 13. hxg3 Qxh1 14. Bc5 Bh3 15. N1d2 O-O-O 16. Qc2 Bxf1 17. O-O-O Kb8 18. Rxf1 Qh6 19. Qf5 exd4 20. Qxf7 b6 21. Ba3 Ne5 22. Qf5 Qf6 23. Qxf6 gxf6 24. Ne4 Nc4 25. Be7 Rc8 26. Kb1 f5 27. Nd6 Nxd6 28. Bxd6+ Kb7 29. Rd1 Rcd8 30. Rxd4 Kc6 31. Be5 Rhe8 32. Kc2 Rxd4 33. Bxd4 Kd5 34. Kd3 h5 35. Bf2 Rf8 36. f4 Re8 37. Nd4 1-0

[Event "December 19 Late 2023"]
[Site "https://www.chess.com"]
[Date "2023.12.19"]
[Round "8"]
[White "Ang, Ern Jie Anderson"]
[Black "Bryakin, Mikhail"]
[Result "1-0"]
[Board "33"]
[TimeControl "180+1"]
[WhiteFideId "5736200"]
[BlackFideId "4165314"]
[WhiteElo "1941"]
[BlackElo "2495"]
[WhiteTeam "MAS"]
[BlackTeam "SRB"]
[WhiteClock "0:00:10"]
[BlackClock "0:00:00"]

1. d4 Nf6 2. c4 c5 3. d5 e5 4. Nc3 d6 5. e4 Be7 6. h3 O-O 7. Nf3 Nbd7 8. Bd3 Re8 9. O-O Nf8 10. a3 Ng6 11. b4 b6 12. Bc2 Nh5 13. Nxe5 Nxe5 14. Qxh5 Nxc4 15. f4 g6 16. Qe2 b5 17. Nxb5 Bf6 18. e5 Nb6 19. Qf3 dxe5 20. fxe5 Bxe5 21. Qxf7+ Kh8 22. Bg5 Qd7 23. Bf6+ Bxf6 24. Qxf6+ Kg8 25. Nd6 Rd8 26. Rae1 Qxd6 27. Re8+ Rxe8 28. Qxd6 Ba6 29. Rf2 Rad8 30. Qxc5 Bc4 31. d6 Re6 32. Rd2 Rf6 33. Kh2 Bf7 34. a4 Be6 35. Qg5 Rdf8 36. a5 Nd7 37. Ba4 Kg7 38. Re2 R8f7 39. Rxe6 Rxe6 40. Bb3 Rxd6 41. Bxf7 Kxf7 42. b5 Re6 43. Qd5 Ke7 44. Qb7 Re5 45. a6 Kd6 46. Qc6+ Ke7 47. Kg3 Rg5+ 48. Kf4 Rf5+ 49. Ke4 Re5+ 50. Kd4 Rf5 51. Qb7 Kd6 52. Qxa7 Rxb5 53. Qa8 Ra5 54. a7 Kc7 55. Kc3 Ra6 56. Kb4 Ra1 57. g4 g5 58. Kc3 Ra3+ 59. Kd4 Ra5 60. Ke4 h6 61. Kf3 Ra3+ 62. Kg2 Ra2+ 63. Kf1 Ra1+ 64. Ke2 Ra2+ 65. Kd1 Ra4 66. Kc2 Ra5 67. Kb3 Ra6 68. Qh8 Rxa7 69. Qxh6 Ra5 70. Kb4 Re5 71. Kc4 Kd8 72. Kd4 Ra5 73. Qg7 Ke8 74. Ke4 Rc5 75. Kf3 Kd8 76. Kg3 Ke8 77. h4 gxh4+ 78. Kxh4 Re5 79. g5 Re1 80. Kh5 Rh1+ 81. Kg4 Rg1+ 82. Kf3 Rf1+ 83. Kg2 Rf4 84. Kg3 Rf1 85. g6 Rg1+ 86. Kf4 Rf1+ 87. Kg3 Re1 88. Qg8+ Ke7 89. Qf7+ Kd8 90. g7 Rg1+ 91. Kf2 Rxg7 92. Qxg7 Kc7 93. Ke3 Kc6 94. Kd4 Kd6 95. Qg6+ Ke7 96. Kd5 Nf6+ 97. Ke5 Nd7+ 98. Kf5 Kd8 99. Qd6 Kc8 100. Ke6 Nb8 101. Qc5+ Kb7 102. Kd6 Na6 103. Qb5+ Ka7 104. Kc6 Nb8+ 105. Kc7 Na6+ 106. Kc8 Nc5 107. Qxc5+ Ka6 108. Qb4 1-0

[Event "December 19 Late 2023"]
[Site "https://www.chess.com"]
[Date "2023.12.19"]
[Round "8"]
[White "Srinath, Rao S.V."]
[Black "Khlebovich, Alexander"]
[Result "1-0"]
[Board "34"]
[TimeControl "180+1"]
[WhiteFideId "5028876"]
[BlackFideId "4169123"]
[WhiteElo "2198"]
[BlackElo "2334"]
[WhiteTeam "IND"]
[BlackTeam "RUS"]
[WhiteClock "0:00:08"]
[BlackClock "0:00:00"]

1. d4 Nf6 2. c4 g6 3. Nf3 Bg7 4. g3 O-O 5. Bg2 d5 6. O-O c5 7. cxd5 Nxd5 8. e4 Nf6 9. e5 Nd5 10. dxc5 Nc6 11. Re1 Ndb4 12. Nc3 Bf5 13. Nh4 Be6 14. f4 Qa5 15. Be3 Rfd8 16. Qe2 Nd3 17. Red1 Nxc5 18. Nd5 Na4 19. b4 Nxb4 20. Nxe7+ Kh8 21. a3 Nc3 22. Rxd8+ Rxd8 23. Qb2 Nd3 24. Qxb7 Nc5 25. Qc6 Nb3 26. Rf1 Ne2+ 27. Kh1 Qxa3 28. f5 Qxe7 29. f6 Qd7 30. fxg7+ Kxg7 31. Qf3 Qe7 32. Qxe2 Nd4 33. Qd2 Nf5 34. Nxf5+ Bxf5 35. Bh6+ Kg8 36. Qf4 Rc8 37. Bg5 Qf8 38. g4 Be6 39. Bf6 Rc4 40. Qe3 Rxg4 41. Qxa7 Rc4 42. Rd1 Rc8 43. Qe3 h5 44. Qg5 Kh7 45. Be4 Kg8 46. Bxg6 1-0

[Event "December 19 Late 2023"]
[Site "https://www.chess.com"]
[Date "2023.12.19"]
[Round "8"]
[White "Ghasi, Ameet K"]
[Black "Colbow, Collin"]
[Result "0-1"]
[Board "35"]
[TimeControl "180+1"]
[WhiteFideId "409200"]
[BlackFideId "16201132"]
[WhiteElo "2558"]
[BlackElo "2321"]
[WhiteTeam "ENG"]
[BlackTeam "GER"]
[WhiteClock "0:00:00"]
[BlackClock "0:00:41"]

1. c4 Nf6 2. Nf3 e6 3. d4 d5 4. e3 b6 5. Nc3 Bb7 6. cxd5 exd5 7. Bd3 Bd6 8. O-O O-O 9. b3 Nbd7 10. Bb2 Re8 11. Rc1 a6 12. Ne2 Ne4 13. Rc2 h6 14. Ng3 Ng5 15. Ne5 Rc8 16. f4 Ne4 17. Nf5 Bf8 18. Qg4 Nxe5 19. dxe5 g6 20. Bxe4 dxe4 21. Nh4 h5 22. Qg3 Qd3 23. Nxg6 fxg6 24. Qxg6+ Bg7 25. e6 Re7 26. Rcf2 Qxe3 27. Bxg7 Rxg7 28. Qxh5 Qd4 29. f5 e3 30. Re2 Bxg2 31. Rxg2 e2+ 0-1

[Event "December 19 Late 2023"]
[Site "https://www.chess.com"]
[Date "2023.12.19"]
[Round "8"]
[White "Postny, Evgeny"]
[Black "Antunez Soler, Luis"]
[Result "1-0"]
[Board "36"]
[TimeControl "180+1"]
[WhiteFideId "2804344"]
[BlackFideId "3513335"]
[WhiteElo "2505"]
[BlackElo "2154"]
[WhiteTeam "ISR"]
[BlackTeam "CUB"]
[WhiteClock "0:00:07"]
[BlackClock "0:00:06"]

1. e4 e6 2. d4 d5 3. Nd2 Be7 4. Bd3 c5 5. dxc5 Nf6 6. Qe2 Nc6 7. Ngf3 Nb4 8. O-O Nxd3 9. cxd3 Bxc5 10. Nb3 Be7 11. Bf4 O-O 12. Rac1 Qb6 13. Bg5 dxe4 14. dxe4 Bd7 15. e5 Bb5 16. Qc2 Nd5 17. Bxe7 Nxe7 18. Rfd1 Rad8 19. Qc5 Qxc5 20. Nxc5 b6 21. Nb7 Rxd1+ 22. Rxd1 Be2 23. Rd7 Ng6 24. Nd6 Bxf3 25. gxf3 Nxe5 26. Rxa7 Nxf3+ 27. Kg2 Ne1+ 28. Kf1 Nd3 29. b3 Nf4 30. Rb7 Rd8 31. Rxb6 Kf8 32. Ke1 Ke7 33. Nc4 Nd3+ 34. Kf1 Nf4 35. f3 Rd3 36. Kf2 Rc3 37. a4 Rc2+ 38. Kf1 Rc1+ 39. Kf2 Rc2+ 40. Ke1 Ra2 41. a5 Nd3+ 42. Kd1 Nf2+ 43. Kc1 Nd3+ 44. Kb1 Rxh2 45. a6 Rh1+ 46. Kc2 Nc5 47. Rc6 Nxa6 48. Rxa6 h5 49. Ra8 Rh3 50. b4 Rxf3 51. b5 Rf5 52. Ra7+ Kf6 53. Nd6 Rc5+ 54. Kb3 Ke5 55. Nxf7+ Kd4 56. Kb4 Rc4+ 57. Ka5 Rc1 58. Rd7+ Ke4 59. b6 h4 60. b7 Ra1+ 61. Kb6 Rb1+ 62. Ka7 h3 63. Ng5+ Kf4 64. Nxh3+ Kg4 65. Rd3 e5 66. Nf2+ Kf5 67. b8=Q Rxb8 68. Kxb8 e4 1-0

[Event "December 19 Late 2023"]
[Site "https://www.chess.com"]
[Date "2023.12.19"]
[Round "8"]
[White "Mkrtchyan, Mikayel"]
[Black "Dyachuk, Artem"]
[Result "0-1"]
[Board "37"]
[TimeControl "180+1"]
[WhiteFideId "13305743"]
[BlackFideId "34107924"]
[WhiteElo "2033"]
[BlackElo "2244"]
[WhiteTeam "ARM"]
[BlackTeam "UKR"]
[WhiteClock "0:00:03"]
[BlackClock "0:00:52"]

1. e4 e5 2. Nf3 Nc6 3. Bc4 Nf6 4. d3 h6 5. c3 d6 6. O-O g6 7. Re1 Bg7 8. Bb3 O-O 9. h3 Qe7 10. Nbd2 Be6 11. Bxe6 Qxe6 12. Qb3 Qc8 13. Nc4 Nd7 14. Ne3 Nc5 15. Qc2 Ne7 16. d4 Ne6 17. dxe5 dxe5 18. Nd5 Re8 19. Be3 c6 20. Nxe7+ Rxe7 21. Red1 Qe8 22. a4 Rd8 23. Bxa7 Rxd1+ 24. Rxd1 c5 25. b4 cxb4 26. cxb4 b5 27. Bc5 Nxc5 28. Qxc5 bxa4 29. b5 Rb7 30. b6 Bf8 31. Qa5 a3 32. Nxe5 a2 33. Nc4 Qe6 34. Qxa2 Rxb6 35. Qe2 Rb4 36. Rc1 Bg7 37. Qd3 Kh7 38. Nd2 Rd4 39. Qe2 Qa2 40. Rd1 Qc2 41. Qe1 Rd3 42. Nf3 Rxd1 0-1

[Event "December 19 Late 2023"]
[Site "https://www.chess.com"]
[Date "2023.12.19"]
[Round "8"]
[White "Tao, Sihan"]
[Black "Adla, Diego"]
[Result "0-1"]
[Board "38"]
[TimeControl "180+1"]
[WhiteFideId "30982677"]
[BlackFideId "100072"]
[WhiteElo "1943"]
[BlackElo "2377"]
[WhiteTeam "USA"]
[BlackTeam "ARG"]
[WhiteClock "0:01:54"]
[BlackClock "0:02:43"]

1. e4 e5 2. Nf3 Nc6 3. Bb5 Bc5 4. O-O Qf6 5. d3 h6 6. Qe2 Nge7 7. Nc3 O-O 8. Na4 Bb6 9. Be3 d6 10. Nxb6 axb6 11. a3 Ng6 12. Bxc6 bxc6 13. d4 Bg4 14. Rad1 Nh4 15. dxe5 dxe5 0-1

[Event "December 19 Late 2023"]
[Site "https://www.chess.com"]
[Date "2023.12.19"]
[Round "8"]
[White "Tanenbaum, Zachary"]
[Black "Lymar, Vladislav"]
[Result "0-1"]
[Board "39"]
[TimeControl "180+1"]
[WhiteFideId "2060850"]
[BlackFideId "14162180"]
[WhiteElo "2256"]
[BlackElo "2158"]
[WhiteTeam "USA"]
[BlackTeam "UKR"]
[WhiteClock "0:00:01"]
[BlackClock "0:00:15"]

1. e4 d6 2. d4 Nf6 3. Nc3 e5 4. Nf3 Nbd7 5. Bc4 Be7 6. O-O O-O 7. a4 c6 8. Re1 h6 9. h3 Re8 10. Bf1 Bf8 11. b4 d5 12. Nxe5 Bxb4 13. Bd2 Bxc3 14. Bxc3 Nxe4 15. Bb2 Qb6 16. Rxe4 dxe4 17. Nc4 Qc7 18. d5 cxd5 19. Qxd5 Qc5 20. Qd2 Nf8 21. Ba3 Qg5 22. Qc3 Be6 23. Nd6 Red8 24. Nxe4 Qg6 25. Bd3 Bf5 26. Bb2 Rac8 27. Qe5 Kh8 28. Nd6 Bxd3 29. Nxc8 Be4 30. Qh2 Rxc8 31. Ra3 Rxc2 32. Rg3 Rxb2 33. f3 Qb6+ 0-1

[Event "December 19 Late 2023"]
[Site "https://www.chess.com"]
[Date "2023.12.19"]
[Round "8"]
[White "Manolache, Marius"]
[Black "Chylewski, Patryk"]
[Result "1-0"]
[Board "40"]
[TimeControl "180+1"]
[WhiteFideId "1201530"]
[BlackFideId "1186191"]
[WhiteElo "2364"]
[BlackElo "2176"]
[WhiteTeam "ROU"]
[BlackTeam "POL"]
[WhiteClock "0:00:48"]
[BlackClock "0:00:00"]

1. d4 Nf6 2. c4 g6 3. Nc3 d5 4. cxd5 Nxd5 5. Bd2 Bg7 6. Nf3 O-O 7. Qc1 Nxc3 8. Bxc3 b6 9. g3 Bb7 10. Bg2 Nd7 11. O-O c5 12. Rd1 Qc7 13. d5 Ne5 14. Qg5 Nxf3+ 15. Bxf3 Bxc3 16. bxc3 Rfd8 17. e4 f6 18. Qf4 Qe5 19. Qxe5 fxe5 20. Bg4 Kg7 21. a4 Ba6 22. a5 b5 23. Be2 Rd6 24. Rab1 Rb8 25. f4 Kf6 26. Kf2 b4 27. c4 Bc8 28. Ke3 Bd7 29. Rf1 Ra6 30. Ra1 h6 31. fxe5+ Kxe5 32. Rf7 Re8 33. Bd3 Rf6 34. Rh7 h5 35. Be2 1-0

[Event "December 19 Late 2023"]
[Site "https://www.chess.com"]
[Date "2023.12.19"]
[Round "8"]
[White "Gubajdullin, Alexei"]
[Black "Kotlyar, Kirill"]
[Result "1-0"]
[Board "41"]
[TimeControl "180+1"]
[WhiteFideId "4141202"]
[BlackFideId "24145599"]
[WhiteElo "2274"]
[BlackElo "2397"]
[WhiteTeam "RUS"]
[BlackTeam "RUS"]
[WhiteClock "0:01:26"]
[BlackClock "0:00:12"]

1. e4 e5 2. Nf3 Nc6 3. Bc4 Nf6 4. d4 exd4 5. e5 d5 6. Bb5 Ne4 7. Nxd4 Bc5 8. O-O Bxd4 9. Qxd4 O-O 10. Bxc6 bxc6 11. Nc3 Nxc3 12. Qxc3 Bb7 13. Be3 Re8 14. Rfe1 Qh4 15. b3 Rad8 16. Bd4 Re6 17. Re3 Rde8 18. Rh3 Qe4 19. Re1 Qf5 20. Rf3 Qh5 21. Rg3 Rh6 22. h3 Rg6 23. Ree3 Rxg3 24. Rxg3 g6 25. Kh2 Qf5 26. Qc5 h5 27. Qxa7 h4 28. Rf3 Qc8 29. Qa5 Qa8 30. Qxc7 Rf8 31. e6 Qc8 32. exf7+ Kh7 33. Qe5 Qxh3+ 34. Rxh3 1-0

[Event "December 19 Late 2023"]
[Site "https://www.chess.com"]
[Date "2023.12.19"]
[Round "8"]
[White "Novak, Ratko"]
[Black "Chigaev, Maksim"]
[Result "0-1"]
[Board "42"]
[TimeControl "180+1"]
[WhiteFideId "14511827"]
[BlackFideId "4108116"]
[WhiteElo "2036"]
[BlackElo "2561"]
[WhiteTeam "CRO"]
[BlackTeam "ESP"]
[WhiteClock "0:00:00"]
[BlackClock "0:00:30"]

1. d4 Nf6 2. c4 e6 3. a3 b6 4. d5 Bb7 5. Nc3 Bd6 6. e4 O-O 7. Bd3 Re8 8. Nge2 a5 9. f4 e5 10. O-O Na6 11. h3 Nc5 12. Bc2 exf4 13. Bxf4 Bxf4 14. Rxf4 d6 15. Ng3 g6 16. b4 axb4 17. axb4 Rxa1 18. Qxa1 Ncd7 19. Qa7 Qa8 20. Qxa8 Rxa8 21. Nb5 Ne8 22. Ne2 Ne5 23. Bb3 Ra1+ 24. Rf1 Rxf1+ 25. Kxf1 Nd3 26. Ba4 Nxb4 27. Ned4 Kf8 28. Ke2 Na6 29. Ke3 Nc5 30. Bd1 Ke7 31. Bg4 h5 32. Be2 Kd8 33. Kf4 Nf6 34. e5 dxe5+ 35. Kxe5 Ne8 36. Bf3 Ke7 37. g4 hxg4 38. hxg4 f6+ 39. Kf4 g5+ 40. Kf5 Kd7 41. Kg6 Nd3 42. Bd1 Ne5+ 43. Kf5 Ke7 44. Bb3 Bc8+ 45. Ke4 Bxg4 46. Ba2 Bd7 47. Nf5+ Bxf5+ 48. Kxf5 Nd6+ 49. Nxd6 cxd6 50. Bb3 Nd7 51. Ba2 Nc5 52. Bb1 Nb3 53. Bc2 Nd4+ 0-1

[Event "December 19 Late 2023"]
[Site "https://www.chess.com"]
[Date "2023.12.19"]
[Round "8"]
[White "Keleberda, Tymur"]
[Black "Troff, Kayden"]
[Result "1-0"]
[Board "43"]
[TimeControl "180+1"]
[WhiteFideId "14174294"]
[BlackFideId "2047896"]
[WhiteElo "2198"]
[BlackElo "2544"]
[WhiteTeam "CAN"]
[BlackTeam "USA"]
[WhiteClock "0:00:18"]
[BlackClock "0:00:07"]

1. e4 c5 2. Nf3 g6 3. c3 Bg7 4. d4 cxd4 5. cxd4 d5 6. e5 Nc6 7. Be2 Nh6 8. O-O O-O 9. h3 f6 10. exf6 exf6 11. Nc3 Be6 12. Re1 Nf5 13. Qb3 Nfxd4 14. Qxb7 Rb8 15. Nxd4 Rxb7 16. Nxe6 Qa5 17. Nxf8 Bxf8 18. Bf3 Rd7 19. Bd2 Ne5 20. Bd1 Nc4 21. Re2 Nxd2 22. Rxd2 d4 23. Bb3+ Kh8 24. Rad1 Bc5 25. Ne4 f5 26. Ng5 Kg7 27. Rc2 Bb6 28. Rc8 Re7 29. Rg8+ Kf6 30. Nf3 h6 31. h4 Qc5 32. h5 g5 33. Rg6# 1-0

[Event "December 19 Late 2023"]
[Site "https://www.chess.com"]
[Date "2023.12.19"]
[Round "8"]
[White "Pakleza, Zbigniew"]
[Black "Asish Panda"]
[Result "1-0"]
[Board "44"]
[TimeControl "180+1"]
[WhiteFideId "1119290"]
[BlackFideId "45012458"]
[WhiteElo "2410"]
[BlackElo "1767"]
[WhiteTeam "POL"]
[BlackTeam "IND"]
[WhiteClock "0:00:34"]
[BlackClock "0:00:42"]

1. d4 d5 2. Bf4 Nf6 3. e3 c5 4. c3 Qb6 5. Qb3 c4 6. Qc2 Nc6 7. Nd2 g6 8. e4 Nxe4 9. Nxe4 dxe4 10. Bxc4 Bf5 11. Ne2 e3 12. Qb3 exf2+ 13. Kxf2 Qxb3 14. axb3 Bg7 15. Ng3 Bd7 16. Rhe1 O-O 17. d5 Nb8 18. Rxe7 Bf6 19. Ree1 Kg7 20. Ne4 Bf5 21. Nxf6 Kxf6 22. Be5+ Kg5 23. h3 Nd7 24. Bd6 Rfc8 25. g4 Bc2 26. Rac1 Rxc4 27. bxc4 Bb3 28. Re7 Nf6 29. Kg3 Ng8 30. Rxf7 Bxc4 31. Bf4# 1-0

[Event "December 19 Late 2023"]
[Site "https://www.chess.com"]
[Date "2023.12.19"]
[Round "8"]
[White "O`Gorman, Tom"]
[Black "Apoorv Kamble"]
[Result "1-0"]
[Board "45"]
[TimeControl "180+1"]
[WhiteFideId "2508249"]
[BlackFideId "25683012"]
[WhiteElo "2288"]
[BlackElo "1940"]
[WhiteTeam "IRL"]
[BlackTeam "IND"]
[WhiteClock "0:00:31"]
[BlackClock "0:00:00"]

1. d4 Nf6 2. c4 e6 3. Nc3 Bb4 4. f3 c5 5. d5 O-O 6. e4 b5 7. e5 Ne8 8. f4 d6 9. Nf3 dxe5 10. fxe5 bxc4 11. Bxc4 Bb7 12. dxe6 Qxd1+ 13. Kxd1 fxe6 14. Bxe6+ Kh8 15. Bd5 Nc6 16. Be3 Bxc3 17. Bxc6 Bxc6 18. bxc3 Rxf3 19. gxf3 Bxf3+ 20. Kc2 Be4+ 21. Kb3 Bd5+ 22. Ka4 Bc6+ 23. Ka5 Bxh1 24. Rxh1 Rc8 25. Ka6 Rc7 26. Rd1 Kg8 27. Rd5 c4 28. Bxa7 Rc6+ 29. Kb5 Rh6 30. Rd2 Nc7+ 31. Kxc4 Rc6+ 32. Kd3 Kf7 33. Bd4 Ke6 34. Rg2 g6 35. Rf2 Kd5 36. Rf7 Na6 37. Rd7+ Ke6 38. Rxh7 Nc5+ 39. Ke3 Na4 40. Rg7 Kf5 41. Rf7+ Kg5 42. Rf6 Rc8 43. Kd2 Nb2 44. Ra6 Nc4+ 45. Kd3 Nb2+ 46. Ke4 Rf8 47. e6 Rf4+ 48. Kd5 Rf5+ 49. Kc6 Rf1 50. Kd7 Nd3 51. e7 Re1 52. e8=Q Nc5+ 53. Bxc5 Rd1+ 54. Bd4 1-0

[Event "December 19 Late 2023"]
[Site "https://www.chess.com"]
[Date "2023.12.19"]
[Round "8"]
[White "Gunduz, Umut Erdem"]
[Black "Korchynskyi, Mykola"]
[Result "1-0"]
[Board "46"]
[TimeControl "180+1"]
[WhiteFideId "6381383"]
[BlackFideId "34138005"]
[WhiteElo "2182"]
[BlackElo "2007"]
[WhiteTeam "TUR"]
[BlackTeam "UKR"]
[WhiteClock "0:02:09"]
[BlackClock "0:00:47"]

1. e4 e6 2. d4 d5 3. Nd2 c5 4. Ngf3 cxd4 5. exd5 Qxd5 6. Bc4 Qd6 7. O-O Nf6 8. Nb3 Nc6 9. Re1 Be7 10. Nbxd4 Nxd4 11. Nxd4 O-O 12. c3 a6 13. Qf3 Ra7 14. Bf4 Qc5 15. Bb3 b5 16. Nc6 Bb7 17. Be3 Qd6 18. Bxa7 Bxc6 19. Qg3 Qd2 20. Be3 Qxb2 21. Qc7 Qxc3 22. Qxe7 Qe5 23. Bc5 Qxc5 24. Qxc5 Bxg2 25. Kxg2 Ne4 26. Rxe4 h6 27. Rd1 Rc8 28. Qxc8+ Kh7 29. Rxe6 1-0

[Event "December 19 Late 2023"]
[Site "https://www.chess.com"]
[Date "2023.12.19"]
[Round "8"]
[White "Zhu, Jiner"]
[Black "Vafin, Ayrat"]
[Result "1-0"]
[Board "47"]
[TimeControl "180+1"]
[WhiteFideId "8608059"]
[BlackFideId "4146530"]
[WhiteElo "2384"]
[BlackElo "2317"]
[WhiteTeam "CHN"]
[BlackTeam "RUS"]
[WhiteClock "0:00:43"]
[BlackClock "0:00:00"]

1. Nf3 d5 2. e3 Nf6 3. b3 Bg4 4. Bb2 Nbd7 5. Be2 e6 6. c4 Bd6 7. h3 Bxf3 8. Bxf3 O-O 9. O-O c6 10. Nc3 Qe7 11. Re1 a5 12. d4 Ba3 13. Bxa3 Qxa3 14. e4 dxc4 15. e5 Nd5 16. Nxd5 cxd5 17. bxc4 dxc4 18. Bxb7 Rab8 19. Be4 c3 20. Re3 Rfc8 21. Rc1 Rb2 22. d5 exd5 23. Bf5 Rc7 24. Bxd7 Rxd7 25. Rexc3 Qf8 26. Qg4 Rd8 27. Rc7 d4 28. Rc8 Rb8 29. Rxb8 Rxb8 30. Qxd4 g6 31. Qd5 Qd8 32. Qxd8+ Rxd8 33. Rc5 a4 34. Rc4 Ra8 35. a3 g5 36. g3 Kg7 37. Kg2 Kg6 38. f4 Kf5 39. Kf3 h6 40. Rc6 gxf4 41. gxf4 1-0

[Event "December 19 Late 2023"]
[Site "https://www.chess.com"]
[Date "2023.12.19"]
[Round "8"]
[White "Makaraci, Tunahan"]
[Black "Annaberdiyev, Meylis"]
[Result "1-0"]
[Board "48"]
[TimeControl "180+1"]
[WhiteFideId "6356559"]
[BlackFideId "14000563"]
[WhiteElo "2112"]
[BlackElo "2405"]
[WhiteTeam "TUR"]
[BlackTeam "TKM"]
[WhiteClock "0:00:15"]
[BlackClock "0:00:00"]

1. e4 c5 2. c3 Qa5 3. Na3 d6 4. Nc4 Qc7 5. d4 Nf6 6. e5 dxe5 7. dxe5 Ng4 8. f4 Nc6 9. Nf3 Nh6 10. Be3 b6 11. Bd3 g6 12. O-O Bg7 13. h3 O-O 14. Qe2 Bb7 15. Rad1 Rad8 16. g4 f6 17. e6 Kh8 18. Be4 Ba6 19. b3 f5 20. Bxc6 Qxc6 21. Rxd8 Rxd8 22. g5 Bb7 23. gxh6 Bf6 24. Rd1 Rf8 25. Nce5 Bxe5 26. Nxe5 Qh1+ 27. Kf2 1-0

[Event "December 19 Late 2023"]
[Site "https://www.chess.com"]
[Date "2023.12.19"]
[Round "8"]
[White "Bjelobrk, Igor"]
[Black "Osmak, Yuliia"]
[Result "1-0"]
[Board "49"]
[TimeControl "180+1"]
[WhiteFideId "4300726"]
[BlackFideId "14101602"]
[WhiteElo "2319"]
[BlackElo "2303"]
[WhiteTeam "AUS"]
[BlackTeam "UKR"]
[WhiteClock "0:01:10"]
[BlackClock "0:00:00"]

1. d4 f5 2. g3 Nf6 3. Bg2 g6 4. Nf3 Bg7 5. O-O O-O 6. Nbd2 d6 7. Re1 Nc6 8. e4 fxe4 9. Nxe4 Nxe4 10. Rxe4 Bf5 11. Rh4 e5 12. c3 Bf6 13. Qb3+ Kh8 14. Qxb7 Na5 15. Qa6 Bxh4 16. Nxh4 c6 17. Bh6 Rf7 18. dxe5 dxe5 19. b4 Nb7 20. Nxf5 gxf5 21. Bxc6 Qb6 22. Qxb6 axb6 23. Be3 Rd8 24. Bxb6 Rd6 25. b5 Nd8 26. Bxd8 Rxd8 27. a4 f4 28. a5 fxg3 29. hxg3 Rf6 30. a6 1-0

[Event "December 19 Late 2023"]
[Site "https://www.chess.com"]
[Date "2023.12.19"]
[Round "8"]
[White "Yagupov, Igor"]
[Black "Manukyan, Sargis A."]
[Result "0-1"]
[Board "50"]
[TimeControl "180+1"]
[WhiteFideId "4113632"]
[BlackFideId "13303970"]
[WhiteElo "2179"]
[BlackElo "2186"]
[WhiteTeam "RUS"]
[BlackTeam "ARM"]
[WhiteClock "0:01:04"]
[BlackClock "0:02:07"]

1. e4 c5 2. Nf3 d6 3. d4 cxd4 4. Nxd4 Nf6 5. Nc3 g6 6. Be3 Bg7 7. f3 O-O 8. Qd2 Nc6 9. O-O-O d5 10. Qe1 e5 11. Nxc6 bxc6 12. exd5 Nxd5 13. Bc4 Be6 14. Kb1 Rb8 15. Ne4 Qc7 16. Bc5 Rfd8 17. g4 h6 18. h4 Nf4 19. Bxe6 Nxe6 20. Bd6 Rxd6 21. Nxd6 e4 22. b3 exf3 23. Qe4 f2 24. Rhf1 Rd8 25. Nc4 Rxd1+ 26. Rxd1 Qg3 27. h5 Qc3 28. Kc1 Qa1+ 29. Kd2 Qxd1+ 30. Kxd1 f1=Q+ 31. Kd2 Qf2+ 32. Kd1 gxh5 33. gxh5 Qg1+ 34. Kd2 Qh2+ 35. Kd1 Qxh5+ 36. Kd2 Qd5+ 0-1